 Dungeon Crawl Stone Soup version 0.18.1-47-g9310371 (console) character file.

3145 Kloppie the Protected (level 9, -2/70 HPs)
             Began as a Ghoul Fighter on June 22, 2016.
             Was a Follower of Makhleb.
             Slain by a killer bee (3 damage)
             ... on level 8 of the Dungeon.
             The game lasted 00:15:02 (6460 turns).

Kloppie the Protected (Ghoul Fighter)               Turns: 6460, Time: 00:15:02

Health: -2/70      AC: 16    Str: 20    XL:     9   Next: 93%
Magic:  8/8        EV:  6    Int:  6    God:    Makhleb [*.....]
Gold:   287        SH: 11    Dex: 11    Spells: 0 memorised, 8 levels left

rFire  + . .     SeeInvis .       - Unarmed
rCold  + + .     Gourm    .     e - +0 shadow dragon armour
rNeg   + + +     Faith    .     b - +0 shield
rPois  ∞         Spirit   .     c - +1 helmet
rElec  +         Dismiss  .     (no cloak)
rCorr  +         Reflect  .     (no gloves)
SustAt .         Harm     .     (no boots)
MR     .....                    g - amulet of magic regeneration
Stlth  ++........               (no ring)
                                C - +3 ring of intelligence

@: resistant, rotting, not resistant to hostile enchantments, unstealthy
A: rotting body, claws 1, carnivore 3, cold resistance 1, negative energy
resistance 3, slow regeneration 1, torment resistance, unbreathing
a: Renounce Religion


You were on level 8 of the Dungeon.
You worshipped Makhleb.
Makhleb was aware of your devotion.
You were not hungry.

You visited 2 branches of the dungeon, and saw 10 of its levels.

You collected 287 gold pieces.

Inventory:

Armour
 a - a +0 scale mail
 b - a +0 shield (worn)
 c - a +1 helmet (worn)
 e - a +0 shadow dragon armour (worn)
Jewellery
 g - an amulet of magic regeneration (around neck)
 C - a +3 ring of intelligence (left claw)
Wands
 f - a wand of flame (28/48)
 l - a wand of paralysis (3/24)
 m - a wand of slowing (39/48)
 r - a wand of lightning (0/15)
 t - a wand of lightning (11/15)
Scrolls
 j - 2 scrolls of recharging
 n - 6 scrolls of remove curse
 o - a scroll of immolation
 A - 2 scrolls of enchant weapon
 B - 3 scrolls of identify
Potions
 p - a potion of cancellation
 q - a potion of flight
Books
 s - a Necronomicon

   Spells                             Type                      Level
   a - Haunt                          Necromancy/Summoning         7
   b - Borgnjor's Revivification      Necromancy                   8
   c - Death's Door                   Charms/Necromancy            8
   d - Necromutation                  Transmutation/Necromancy     8
Comestibles
 d - 3 meat rations
 z - a beef jerky


   Skills:
 - Level 3.2 Fighting
 - Level 8.8 Armour
 + Level 8.4 Shields
 - Level 6.1 Unarmed Combat


You had 8 spell levels left.
You didn't know any spells.

Dungeon Overview and Level Annotations

Branches:
Dungeon (9/15)             Temple (1/1) D:6
   Lair: D:8-11         Orc: D:9-12

Altars:
Dithmenos
Fedhas
Gozag
Kikubaaqudgha
Makhleb
Nemelex Xobeh
Pakellas
Qazlal
Ru

Annotations:
D:8 Gastronok


Innate Abilities, Weirdness & Mutations

Your body is rotting away.
You thrive on raw meat.
You are immune to poison.
You have sharp fingernails.
You are carnivorous and can eat meat at any time.
Your flesh is cold resistant.
You are immune to negative energy.
You regenerate slowly when monsters are visible.
You are immune to unholy pain and torment.
You can survive without breathing.


Message History

You block the killer bee's attack.
Things that are here:
a whip of electrocution; a robe The killer bee stings you but does no damage.
There is a stone staircase leading down here.
The killer bee stings you.
* * * LOW HITPOINT WARNING * * *
You block the killer bee's attack.
You climb downwards.
Level annotation: Gastronok
There is a stone staircase leading up here.
You miss the killer bee. The killer bee barely misses you.
The killer bee stings you but does no damage.
You scratch the killer bee but do no damage.
You feel a little less clever now. The killer bee stings you!
* * * LOW HITPOINT WARNING * * *
You block the killer bee's attack.
You miss the killer bee. The killer bee stings you.
You die...

###.............#.....
....#......####.....#.....
....#......###.(. ......
.......>......... .......
................. ........
.................
.................
.................
.........@.......
.........y.......
.................
.........%......
...............
...............
#..........#...
#......!...####


You could see a killer bee.

Vanquished Creatures
  Pikel (D:7)
  Grinder (D:6)
  Sigmund (D:6)
  A hungry ghost (D:9)
  Menkaure (D:5)
  A black bear (D:6)
  An orc warrior (D:6)
  2 phantoms
  2 ogres (D:5)
  2 centaurs
  A giant frog (D:4)
  A water moccasin skeleton (D:4)
  A wyvern skeleton (D:7)
  7 killer bees
  A crimson imp (D:5)
  2 centaur zombies
  3 hounds
  3 orc priests
  2 jellies
  4 orc wizards
  An iguana (D:4)
  5 worker ants
  A hound skeleton (D:9)
  Robin (D:2)
  8 adders
  2 shadow imps
  An ooze (D:5)
  2 adder zombies
  2 adder skeletons
  A worm (D:4)
  4 dart slugs
  5 giant geckos
  20 orcs
  8 giant cockroaches
  24 goblins
  13 hobgoblins
  19 jackals
  4 quokkas
  4 bats
  5 giant newts
  6 kobolds
  A quokka skeleton (D:5)
  5 rats
180 creatures vanquished.

Vanquished Creatures (others)
  3 slaves (D:7)
3 creatures vanquished.

Grand Total: 183 creatures vanquished

Notes
Turn   | Place    | Note
--------------------------------------------------------------
     0 | D:1      | Kloppie the Ghoul Fighter began the quest for the Orb.
     0 | D:1      | Reached XP level 1. HP: 19/19 MP: 0/0
   217 | D:1      | Reached XP level 2. HP: 25/26 MP: 1/1
   541 | D:1      | Found a sparkling altar of Nemelex Xobeh.
   686 | D:2      | Reached XP level 3. HP: 31/31 MP: 2/2
  1327 | D:2      | Reached XP level 4. HP: 38/38 MP: 3/3
  1525 | D:2      | Noticed Robin
  1543 | D:2      | Reached skill level 5 in Unarmed Combat
  1561 | D:2      | Killed Robin
  2062 | D:2      | Reached XP level 5. HP: 45/45 MP: 4/4
  2799 | D:4      | Reached XP level 6. HP: 33/51 MP: 5/5
  3441 | D:5      | Entered Level 5 of the Dungeon
  3441 | D:5      | Noticed Menkaure
  3469 | D:4      | Reached skill level 5 in Armour
  3469 | D:4      | Reached XP level 7. HP: 48/57 MP: 6/6
  3528 | D:5      | Killed Menkaure
  3911 | D:5      | Found an oddly glowing altar of Pakellas.
  4051 | D:5      | Reached XP level 8. HP: 56/63 MP: 7/7
  4292 | D:6      | Noticed Sigmund
  4306 | D:6      | Killed Sigmund
  4331 | D:6      | Noticed Grinder
  4344 | D:6      | Killed Grinder
  4345 | D:6      | Found a stormy altar of Qazlal.
  4679 | D:6      | Found a staircase to the Ecumenical Temple.
  4688 | Temple   | Entered the Ecumenical Temple
  4699 | Temple   | Became a worshipper of Makhleb the Destroyer
  4834 | D:6      | Reached XP level 9. HP: 11/70 MP: 8/8
  5230 | D:6      | Found an opulent altar of Gozag.
  5280 | D:6      | You fall through a shaft for 2 floors!
  5350 | D:8      | Reached skill level 5 in Shields
  5422 | D:8      | HP: 3/70 [centaur/arrow (1)]
  5435 | D:8      | HP: 2/70 [adder zombie (3)]
  5463 | D:8      | Noticed a two-headed ogre
  5468 | D:8      | Noticed Gastronok
  6022 | D:9      | Reached * piety under Makhleb
  6176 | D:9      | Noticed a troll
  6189 | D:7      | Noticed Pikel
  6200 | D:7      | Killed Pikel
  6459 | D:8      | HP: 1/70 [killer bee (7)]
  6460 | D:8      | Slain by a killer bee

Skill      XL: |  1  2  3  4  5  6  7  8  9 |
---------------+----------------------------+-----
Unarmed Combat | 3 4 5 6 |  6.1
Armour         | 3 5 6 8 |  8.8
Shields        | 4 8 |  8.4
Fighting       | |  3.2

Action                   |  1- 3 |  4- 6 |  7- 9 || total
-------------------------+-------+-------+-------++-------
Melee: Unarmed           |    94 |   284 |   448 ||   826
Evoke: Wand              |       |       |     2 ||     2
  Use: Potion            |       |     1 |    10 ||    11
       Scroll            |       |     9 |     9 ||    18
 Stab: Sleeping          |     4 |     3 |     5 ||    12
       Distracted        |     1 |       |       ||     1
       Invisible         |       |       |     3 ||     3
  Eat: Chunk             |     4 |     7 |    18 ||    29
Armor: Shadow dragon arm |    42 |   218 |   409 ||   669
Dodge: Dodged            |    13 |    56 |   180 ||   249
Block: Shield            |    35 |   153 |   326 ||   514
